 Dungeon Crawl Stone Soup version 0.32-a0-656-g3542139ebd (webtiles) character file.

Game seed: 3753202073613138570

205 porpoise the Slasher (level 5, -1/42 HPs)
             Began as a Demonspawn Gladiator on Mar 9, 2024.
             Slain by Natasha (8 damage)
             ... on level 3 of the Dungeon.
             The game lasted 00:08:06 (2861 turns).

porpoise the Slasher (Demonspawn Gladiator)         Turns: 2861, Time: 00:08:07

Health: -1/42      AC:  9    Str: 14    XL:     5   Next: 53%
Magic:  5/5        EV: 11    Int:  9    God:
Gold:   54         SH:  4    Dex: 16    Spells: 4/4 levels left

rFire   . . .        a - +0 long sword
rCold   . . .        (no shield)
rNeg    . . .        g - +0 ring mail
rPois   .            c - +0 helmet
rElec   .            r - +0 cloak
rCorr   .            (no gloves)
SInv    .            (no boots)
Will    .....        (no amulet)
Stlth   +            (no ring)
HPRegen 0.27/turn    (no ring)
MPRegen 0.09/turn

%: no passive effects
@: slowed, very slow
A: hooves 1, yellow scales 1, condensation shield
a: no special abilities


You were on level 3 of the Dungeon.
You visited 1 branch of the dungeon, and saw 3 of its levels.

You collected 54 gold pieces.

Inventory:

Hand Weapons
 a - a +0 long sword (weapon)
 b - a +0 sling
Missiles
 d - 3 throwing nets (quivered)
 e - 7 javelins
 n - 2 atropa-tipped darts
 o - 4 poisoned darts
Armour
 c - a +0 helmet (worn)
 g - a +0 ring mail (worn)
 r - a +0 cloak (worn)
Scrolls
 h - a scroll of identify {unknown}
 j - a scroll of revelation {unknown}
 k - a scroll of enchant armour {unknown}
 p - a scroll of fear {unknown}
Potions
 f - a potion of cancellation {unknown}
 i - a potion of brilliance {unknown}
 m - a potion of lignification {unknown}
 q - 2 potions of degeneration {unknown}
 s - a potion of invisibility {unknown}


   Skills:
 + Level 3.6 Fighting
 * Level 4.9 Long Blades
 - Level 1.7 Throwing
 - Level 2.6 Dodging


You had 4 spell levels left.
You didn't know any spells.
Your spell library contained the following spells:

 Spells                   Type           Power      Damage    Failure   Level
 Hailstorm                Conj/Ice       0%         3d5       94%         3
 Summon Ice Beast         Ice/Summ       0%         N/A       94%         3
 Sculpt Simulacrum        Ice/Alch       0%         N/A       100%        6


Dungeon Overview and Level Annotations

Branches:
Dungeon (3/15)

Altars:

Annotations:
D:3 Natasha


Innate Abilities, Weirdness & Mutations

You have large cloven feet.
You are partially covered in yellow scales. (AC +2)
A meltable shield of frost defends you. (SH +4)


Message History

You are too injured to fight recklessly!
An orc comes into view. It is wielding a +0 flail.
You slash the orc priest!
The orc priest shouts, "Beogh offers mercy even to people such as you.
Join us and be reborn!"
The orc priest is heavily wounded.
Natasha claws you.
The orc priest invokes the aid of Beogh against you.
Beogh smites you!
* * * LOW HITPOINT WARNING * * *
You slash the orc priest!
You kill the orc priest!
Natasha mumbles some strange words.
Natasha's front paws start to glow.
Natasha claws you.
* * * LOW HITPOINT WARNING * * *
You hit Natasha. Your kick misses Natasha.
Natasha is lightly wounded.
Natasha closely misses you. The orc barely misses you.
Natasha casts a spell.
You hit Natasha but do no damage.
Natasha is lightly wounded.
The orc barely misses you. Natasha claws you.
* * * LOW HITPOINT WARNING * * *
The cerulean imp closely misses you. The orc hits you but does no damage.
You slash Natasha! Your kick misses Natasha.
Natasha is heavily wounded.
Natasha stares at you and mumbles some strange words.
You feel yourself slow down. The cerulean imp misses you.
You block the orc's attack.
You barely miss Natasha. You kick Natasha, but do no damage.
Natasha is heavily wounded.
Natasha barely misses you. The cerulean imp barely misses you.
You block the orc's attack.
The cerulean imp hits you but does no damage.
Natasha claws you.
* * * LOW HITPOINT WARNING * * *
It was a potion of magic.
Magic courses through your body. The orc misses you. Natasha claws you!
You die...
Natasha curls up and begins to purr.

#.................#
#.... ...........##
#........#......## #
#.............#.# ..
#.............#.#...
#..##.#.# #b..#.....
#.)#.#.'###.........
#.............# .
###..)#......#.@#....
..##...'.._.....hoo.....
#.##..#.)....##..5.#....
......##.....#..........
.###..##.#.#.##..>#...
......##...####.........
............ ..........
..#.......... ..........
..#.##........ ..#....


You could see Natasha, a cerulean imp (summoned), 2 orcs and a bat.

Vanquished Creatures
  A crimson imp (D:3)
  An orc priest (D:3)
  Robin (D:2)
  4 adders
  A dart slug (D:1)
  5 ribbon worms
  2 orcs
  3 endoplasms (D:2)
  3 giant cockroaches
  15 goblins
  4 hobgoblins
  3 jackals
  7 kobolds
  A quokka (D:2)
  6 ball pythons
  5 bats
  3 frilled lizards
  A goblin zombie (D:3)
  A hobgoblin zombie (D:3)
  A kobold skeleton (D:3)
  A kobold zombie (D:3)
  An orc skeleton (D:3)
  3 orc zombies (D:3)
  9 rats
82 creatures vanquished.

Notes
Turn   | Place    | Note
-------+----------+-------------------------------------------
     0 | D:1      | porpoise the Demonspawn Gladiator began the quest for the
                  | Orb.
     0 | D:1      | Reached XP level 1. HP: 16/16 MP: 1/1
   148 | D:1      | Reached skill level 3 in Long Blades
   150 | D:1      | Gained mutation: You are partially covered in yellow
                  | scales. (AC +2) [demonic ancestry]
   150 | D:1      | Reached XP level 2. HP: 14/22 MP: 2/2
  1252 | D:2      | Gained mutation: You have large cloven feet. [demonic
                  | ancestry]
  1252 | D:2      | Reached XP level 3. HP: 28/28 MP: 3/3
  1761 | D:2      | Reached XP level 4. HP: 34/34 MP: 4/4
  1764 | D:2      | Reached skill level 4 in Long Blades
  1811 | D:2      | Noticed Robin
  1828 | D:2      | Killed Robin
  2212 | D:3      | Noticed Natasha
  2820 | D:3      | Gained mutation: A meltable shield of frost defends you.
                  | (SH +4) [demonic ancestry]
  2820 | D:3      | Reached XP level 5. HP: 41/41 MP: 5/5
  2861 | D:3      | Slain by Natasha

Illustrated notes

Levels and vault maps discovered:
D:1:      dpeg_arrival_water_fire, layout_basic
D:2:      layout_rooms, basic_altar, uniq_robin
D:3:      lemuel_castle_with_subvaults [lemuel_castle_interior_carwin_2],
          layout_rooms, led_sif_pool, nicolae_tso_besieged_by_evil, uniq_natasha

Skill      XL: |  1  2  3  4 |
---------------+-------------+-----
Long Blades    | 3 4 |  4.9
Fighting       | 3 |  3.6
Throwing       | |  1.7
Dodging        | |  2.6

Action                     |  1- 3 |  4- 6 || total
---------------------------+-------+-------++-------
  Melee: Long sword        |   121 |   128 ||   249
         Kick              |    10 |    35 ||    45
   Fire: Sling             |       |    11 ||    11
    Use: Potion            |       |     1 ||     1
 Armour: Leather armour    |    31 |       ||    31
         Ring mail         |    50 |   142 ||   192
  Dodge: Dodged            |    77 |   113 ||   190
  Block: Other             |       |     8 ||     8

Table legend: (Time is in decaauts)
 A = Elapsed time spent in this place.
 B = Non-inter-level travel time spent in this place.
 C = Inter-level travel time spent in this place.
 D = Time resting spent in this place.
 E = Time spent auto-exploring this place.
 F = Levels seen in this place.
 G = Mean time per level.
                   A        B        C        D        E       F      G
               +--------+--------+--------+--------+--------+-----+--------+
         Total |   2923 |   2759 |    164 |    840 |   1271 |   3 |  974.3 |
       Dungeon |   2923 |   2759 |    164 |    840 |   1271 |   3 |  974.3 |
               +--------+--------+--------+--------+--------+-----+--------+

Top non-repeatable levels by time:
     D:2: 1269 daAuts
     D:1: 1190 daAuts
     D:3: 463 daAuts
